 Dungeon Crawl Stone Soup version 0.18.1-48-g4cf74bf (webtiles) character file.

23075 nikoo the Basher (level 13, -1/113 HPs)
             Began as a Human Berserker on June 26, 2016.
             Was an Elder of Trog.
             Slain by a smoke demon (5 damage)
             ... summoned by an orc sorcerer
             ... on level 2 of the Orcish Mines.
             The game lasted 01:15:11 (15167 turns).

nikoo the Basher (Human Berserker)                 Turns: 15167, Time: 01:15:11

Health: -1/113     AC: -10   Str: 23    XL:     13   Next: 32%
Magic:  12/12      EV: 12    Int:  7    God:    Trog [****..]
Gold:   709        SH:  6    Dex: 20    Spells: 0 memorised, 12 levels left

rFire  . . .     SeeInvis .     g - +7 flail (protect)
rCold  . . .     Gourm    .     J - +2 plate armour
rNeg   . . .     Faith    .     e - +0 buckler
rPois  .         Spirit   .     c - +1 helmet
rElec  .         Dismiss  .     (no cloak)
rCorr  .         Reflect  .     O - +0 pair of gloves "Unoc" {Dex+4}
SustAt .         Harm     .     (no boots)
MR     +....     Clarity  +     (no amulet)
Stlth  ..........               F - ring of protection from magic
                                D - +3 ring of dexterity

@: about to teleport, corroded, drained, somewhat resistant to hostile
enchantments, extremely unstealthy
A: blink, clarity, low mp 1, robust 1
a: Blink, Berserk, Trog's Hand, Brothers in Arms, Burn Spellbooks, Renounce
Religion


You were on level 2 of the Orcish Mines.
You worshipped Trog.
Trog was greatly pleased with you.
You were not hungry.

You visited 4 branches of the dungeon, and saw 15 of its levels.

You collected 945 gold pieces.
You spent 236 gold pieces at shops.

Inventory:

Hand Weapons
 a - a +0 mace
 g - a +7 flail of protection (weapon)
 m - a cursed -3 spear
 A - a +2 whip of venom
 E - a cursed -1 great mace
 R - a +0 dire flail of crushing
Armour
 c - a +1 helmet (worn)
 e - a +0 buckler (worn)
 f - a +0 scale mail
 n - a +0 pair of gloves
 q - a +0 ring mail
 J - a +2 plate armour (worn)
 M - a +0 helmet
 O - the +0 pair of gloves "Unoc" (worn) {Dex+4}
   (You bought it in a shop on level 8 of the Dungeon)

   It affects your dexterity (+4).
 S - a +2 chain mail of magic resistance
Jewellery
 i - an uncursed ring of ice
 w - an uncursed ring of poison resistance
 D - a +3 ring of dexterity (left hand)
 F - a ring of protection from magic (right hand)
Wands
 d - a wand of lightning (2/15)
 r - a wand of flame (26/48)
 s - a wand of iceblast (7/15)
 t - a wand of slowing (15/48)
 x - a wand of lightning (10/15)
 y - a wand of random effects (29/48)
 K - a wand of slowing (21/48)
 N - a wand of iceblast (6/15)
 Q - a wand of random effects (22/48)
 T - a wand of acid (6/15)
Scrolls
 h - 2 scrolls of identify
 j - 4 scrolls of remove curse
 l - 2 scrolls of recharging
 o - a scroll of blinking
 u - 4 scrolls of teleportation
 L - a scroll of fear
Potions
 b - 2 potions of might
 k - 2 potions of mutation
 z - a potion of brilliance
 C - 2 potions of agility
 G - a potion of flight
 P - 2 potions of lignification {unknown}
Comestibles
 p - 4 bread rations
 B - 8 slices of pizza
 I - a beef jerky


   Skills:
 + Level 10.1(9.3) Fighting
 + Level 12.2(11.4) Maces & Flails
 + Level 10.4(9.7) Armour
 + Level 8.0(7.2) Dodging
 + Level 2.9(2.2) Stealth
 + Level 7.6(6.8) Shields
 + Level 1.0(0.4) Evocations


You had 12 spell levels left.
You didn't know any spells.

Dungeon Overview and Level Annotations

Branches:
Dungeon (9/15)             Temple (0/1) D:5            Lair (3/8) D:9
    Orc (2/2) D:9             Elf (1/3) Orc:2
  Swamp: Lair:3-6    Shoals: Lair:3-6     Snake: Lair:3-6    Spider: Lair:3-6

Altars:
Fedhas
Qazlal
Vehumet
Xom

Shops:
D:8 [   Orc:2 *([=


Innate Abilities, Weirdness & Mutations

You can translocate small distances at will.
You possess an exceptional clarity of mind.
Your magical capacity is low (-10% MP).
You are robust (+10% HP).


Message History

* * * LOW HITPOINT WARNING * * *
The smoke demon completely misses you. The smoke demon hits you.
* * * LOW HITPOINT WARNING * * *
The rust devil hits you.
* * * LOW HITPOINT WARNING * * *
The rust devil corrodes you!
The orc sorcerer hits you but does no damage.
The smoke demon gestures at you. Something smites you!
* * * LOW HITPOINT WARNING * * *
You can move again.
Unknown command.
Drink which item? (? for menu, Esc to quit)
You can't drink that!
Read which item? (? for menu, Esc to quit)
As you read the scroll of teleportation, it crumbles to dust.
You feel strangely unstable. The rust devil barely misses you.
The orc sorcerer hits you but does no damage.
The smoke demon hits you.
You die...

##.#.....#.#.#.....#..
#.............#.......
##.#..................
####.................
#..................
##...........#.....
#...........###....
##.......... ....
##.4@......#
#..3o#.....#
##....#...##
##....#### ###.## ##


You could see a rust devil, a smoke demon and an orc sorcerer.

Vanquished Creatures
  3 ogre magi
  Pikel (D:7)
  5 deep elf magi (Elf:1)
  A spiny frog (Lair:1)
  A komodo dragon (Lair:1)
  2 trolls
  Grinder (D:3)
  10 blink frogs (Lair:1)
  10 two-headed ogres
  Sigmund (D:2)
  A wyvern (D:9)
  6 yaks
  A fire elemental (Elf:1)
  A human (D:7)
  A hippogriff (D:9)
  A warg (Orc:2)
  Menkaure (D:7)
  Duvessa (D:6)
  3 water moccasins
  5 orc warriors
  5 porcupines (Lair:1)
  A slave (D:7)
  2 ice beasts
  3 phantoms
  28 ogres
  2 centaurs
  A crocodile (Lair:2)
  A big kobold (D:8)
  9 giant frogs
  A gnoll sergeant (D:5)
  Dowan (D:6)
  4 scorpions
  7 killer bees
  4 wights (D:9)
  9 howler monkeys
  A quasit (D:9)
  4 crimson imps
  5 hounds
  2 giant frog skeletons
  8 orc priests
  2 jellies
  16 orc wizards
  A gnoll shaman (D:9)
  Terence (D:1)
  2 centaur skeletons
  5 iguanas
  5 worker ants
  3 sheep (D:7)
  2 hound skeletons
  A hound zombie (D:8)
  2 worker ant zombies
  6 gnolls
  7 river rats
  17 adders
  3 shadow imps
  An ooze (D:6)
  An adder skeleton (D:9)
  2 adder zombies (D:6)
  5 worms
  9 dart slugs
  4 giant geckos (D:2)
  38 orcs
  2 giant cockroaches
  10 goblins
  5 hobgoblins
  13 jackals
  10 kobolds
  4 quokkas
  A ball python skeleton (D:4)
  13 bats
  6 giant newts
  A quokka skeleton (D:8)
  4 rats
  4 fungi (D:9)
  2 plants (D:9)
362 creatures vanquished.

Vanquished Creatures (collateral kills)
  The ghost of BabyRage the Executioner, a journeyman MiBe of Trog (Orc:2)
  A hydra (Lair:1)
  An ogre mage (Orc:2)
  A dancing weapon (Elf:1)
  A lindwurm (Lair:1)
  A hill giant (D:8)
  A spiny frog (Lair:1)
  2 two-headed ogres (Orc:2)
  A blink frog (Lair:1)
  A porcupine (Lair:1)
  3 orc warriors
  4 ogres (Orc:2)
  2 crocodiles (Lair:1)
  A killer bee (D:9)
  A howler monkey (D:8)
  2 orc priests
  3 orc wizards
  5 sheep (Lair:1)
  7 orcs
39 creatures vanquished.

Vanquished Creatures (others)
  A deep elf elementalist (Orc:2)
  A gnoll (D:5)
  6 fungi
  2 plants
10 creatures vanquished.

Grand Total: 411 creatures vanquished

Notes
Turn   | Place    | Note
--------------------------------------------------------------
     0 | D:1      | nikoo the Human Berserker began the quest for the Orb.
     0 | D:1      | Reached XP level 1. HP: 18/18 MP: 1/1
   117 | D:1      | Reached XP level 2. HP: 17/24 MP: 2/2
   678 | D:1      | Reached XP level 3. HP: 25/29 MP: 3/3
  1142 | D:2      | Noticed Terence
  1475 | D:2      | Reached XP level 4. HP: 28/35 MP: 4/4
  1565 | D:1      | Killed Terence
  1660 | D:2      | Found a faded altar to an unknown god.
  1744 | D:2      | Reached ** piety under Trog
  1787 | D:2      | Noticed Sigmund
  2031 | D:2      | Killed Sigmund
  2031 | D:2      | Reached skill level 4 in Maces & Flails
  2031 | D:2      | Reached XP level 5. HP: 29/42 MP: 5/5
  2031 | D:2      | Reached XP level 6. HP: 33/48 MP: 6/6
  2436 | D:2      | Reached skill level 1 in Shields
  2914 | D:3      | Noticed Grinder
  2915 | D:3      | Paralysed by Grinder for 6 turns
  2943 | D:3      | Killed Grinder
  2943 | D:3      | Reached skill level 1 in Stealth
  2943 | D:3      | Reached XP level 7. HP: 54/54 MP: 7/7
  3196 | D:3      | Reached *** piety under Trog
  3954 | D:4      | Found a stormy altar of Qazlal.
  3977 | D:4      | Reached skill level 5 in Maces & Flails
  3977 | D:4      | Reached XP level 8. HP: 40/61 MP: 8/8
  4152 | D:4      | Found a blossoming altar of Fedhas.
  4398 | D:4      | Found a shimmering altar of Xom.
  4578 | D:4      | Reached skill level 5 in Fighting
  4739 | D:5      | Entered Level 5 of the Dungeon
  4954 | D:5      | Gained mutation: You are robust (+10% HP). [potion of mutation]
  4954 | D:5      | Gained mutation: You possess an exceptional clarity of mind. [potion of mutation]
  4954 | D:5      | Gained mutation: Your magical capacity is low (-10% MP). [potion of mutation]
  4955 | D:5      | Gained mutation: You can translocate small distances at will. [potion of beneficial mutation]
  5065 | D:5      | Found a staircase to the Ecumenical Temple.
  5102 | D:5      | Reached skill level 5 in Armour
  5102 | D:5      | Reached skill level 5 in Dodging
  5148 | D:5      | Reached skill level 6 in Maces & Flails
  5176 | D:5      | Reached **** piety under Trog
  5261 | D:5      | Reached XP level 9. HP: 44/74 MP: 8/8
  5970 | D:6      | Noticed Dowan
  5986 | D:6      | Noticed Duvessa
  5986 | D:6      | Killed Dowan
  6013 | D:6      | Killed Duvessa
  6494 | D:6      | Noticed a troll
  6520 | D:6      | Killed a troll
  7061 | D:6      | Reached skill level 7 in Maces & Flails
  8617 | D:7      | Noticed Pikel
  8633 | D:7      | Killed Pikel
  8633 | D:7      | Reached XP level 10. HP: 75/83 MP: 9/9
  8889 | D:7      | Noticed Menkaure
  8922 | D:7      | Killed Menkaure
  8922 | D:7      | Reached skill level 8 in Maces & Flails
  9235 | D:8      | Noticed a hill giant
  9241 | D:8      | Killed a hill giant
  9651 | D:8      | Found Ruinlye's Armour Shoppe.
  9655 | D:8      | Bought the cursed +0 pair of gloves "Unoc" {Dex+4} for 236 gold pieces
 10128 | D:8      | Reached XP level 11. HP: 82/91 MP: 10/10
 10182 | D:9      | Found a staircase to the Lair.
 10188 | D:9      | Reached ***** piety under Trog
 10191 | D:9      | Reached skill level 9 in Maces & Flails
 10278 | Lair:1   | Entered Level 1 of the Lair of Beasts
 10398 | Lair:1   | Reached skill level 5 in Shields
 10943 | Lair:1   | Noticed a six-headed hydra
 10964 | Lair:1   | Killed a six-headed hydra
 10985 | Lair:1   | Reached skill level 10 in Maces & Flails
 11528 | Lair:1   | Noticed a lindwurm
 11915 | Lair:1   | Killed a lindwurm
 11915 | Lair:1   | Reached XP level 12. HP: 102/102 MP: 11/11
 12600 | D:9      | Found a staircase to the Orcish Mines.
 13116 | Orc:1    | Entered Level 1 of the Orcish Mines
 13354 | Orc:2    | Entered Level 2 of the Orcish Mines
 13354 | Orc:2    | Noticed BabyRage's ghost (journeyman MiBe)
 13604 | Orc:2    | Killed BabyRage's ghost
 13772 | Orc:2    | Noticed an ogre mage
 13778 | Orc:2    | Noticed an ogre mage
 13782 | Orc:2    | Reached skill level 11 in Maces & Flails
 13783 | Orc:2    | Killed an ogre mage
 13794 | Orc:2    | Noticed an ogre mage
 13834 | Orc:1    | Killed an ogre mage
 13957 | Orc:1    | Reached skill level 10 in Armour
 14199 | Orc:2    | Killed an ogre mage
 14325 | Orc:2    | Found Moxzer's Antique Armour Boutique.
 14325 | Orc:2    | Found Peniy's Jewellery Emporium.
 14326 | Orc:2    | Found Humpoll's Assorted Antiques.
 14326 | Orc:2    | Found Teargh Ropra's Antique Weapon Boutique.
 14463 | Orc:2    | Reached XP level 13. HP: 111/111 MP: 12/12
 14499 | Orc:2    | Found a staircase to the Elven Halls.
 14514 | Elf:1    | Entered Level 1 of the Elven Halls
 14668 | Elf:1    | Found a radiant altar of Vehumet.
 14796 | Elf:1    | Noticed a deep elf elementalist
 14811 | Elf:1    | Reached skill level 12 in Maces & Flails
 14878 | Orc:2    | Killed a deep elf elementalist
 14878 | Orc:2    | Reached skill level 10 in Fighting
 14922 | Orc:2    | Noticed an ogre mage
 14934 | Orc:2    | Killed an ogre mage
 14934 | Orc:2    | Reached skill level 1 in Evocations
 15159 | Orc:2    | Paralysed by an orc sorcerer for 7 turns
 15166 | Orc:2    | HP: 4/113 [smoke demon/divine providence[an orc sorcerer] (10)]
 15167 | Orc:2    | Slain by a smoke demon

Skill      XL: |  1  2  3  4  5  6  7  8  9 10 11 12 13 |
---------------+----------------------------------------+-----
Dodging        | 3 4 5 6 7 8 |  8.0
Maces & Flails | 4 5 6 7 8 10 11 12 | 12.2
Armour         | 3 4 5 7 8 9 10 | 10.4
Shields        | 1 2 3 4 5 7 |  7.6
Fighting       | 4 5 6 8 9 10 | 10.1
Stealth        | 1 2 |  2.9
Evocations     | 1 |  1.0

Action                   |  1- 3 |  4- 6 |  7- 9 | 10-12 | 13-15 || total
-------------------------+-------+-------+-------+-------+-------++-------
Melee: Mace              |   107 |    12 |       |       |       ||   119
       Flail             |       |    85 |   351 |   757 |    79 ||  1272
Invok: Trog's Hand       |       |     2 |     6 |     9 |     2 ||    19
       Berserk           |       |     2 |     1 |     2 |       ||     5
       Brothers in Arms  |       |       |       |     9 |     1 ||    10
 Abil: Blink             |       |       |     1 |     2 |       ||     3
Evoke: Wand              |       |       |     1 |       |     1 ||     2
  Use: Scroll            |     3 |     2 |    11 |    15 |     2 ||    33
       Potion            |       |       |     4 |     9 |     1 ||    14
  Eat: Bread ration      |     1 |       |     2 |     2 |       ||     5
       Royal jelly       |       |     1 |       |       |       ||     1
       Chunk             |       |     1 |       |       |       ||     1
       Fruit             |       |       |     2 |       |       ||     2
       Meat ration       |       |       |     3 |     2 |     1 ||     6
       Pizza             |       |       |       |     1 |       ||     1
       Beef jerky        |       |       |       |     1 |       ||     1
Armor: Animal skin       |    16 |       |       |       |       ||    16
       Scale mail        |    11 |    55 |   153 |    49 |       ||   268
       Plate armour      |       |       |       |   310 |    31 ||   341
Dodge: Dodged            |    60 |    46 |   172 |   417 |    38 ||   733
Block: Buckler           |    12 |    14 |    72 |   224 |    16 ||   338
